Map: Emerald City LE

Players

llllllllllll - Winner!

  • Race: Protoss Protoss
  • League: Master
  • Spawn Location: 5:00

strength - Winner!

  • Race: Terran Terran
  • League: Master
  • Spawn Location: 5:00

KYCHEN

  • Race: Zerg Zerg
  • League: Master
  • Spawn Location: 11:00

MetalWolf

  • Race: Zerg Zerg
  • Spawn Location: 11:00

VOD

Have the link to the VOD?

Description

Time

  • Played on: Nov. 25, 2019, 6:17 a.m.
  • Length: 11:03
Show
View Real Time Build Order
Export as new Build Order

llllllllllll Protoss - Winner!

Build Orders: Archon Immortal 

Get SALT Encoding   

  12  0:01  Probe  
  13  0:13  Probe  
  14  0:25  Probe  
  14  0:27  Pylon  
  15  0:40  Assimilator  
  15  0:46  Probe (Chrono Boost), Gateway  
  16  0:54  Probe (Chrono Boost)  
  17  1:00  Probe (Chrono Boost)  
  17  1:01  Assimilator  
  18  1:12  Probe (Chrono Boost)  
  19  1:19  Probe (Chrono Boost)  
  19  1:25  Gateway  
  20  1:27  Probe  
  21  1:35  Cybernetics Core  
  21  1:39  Probe  
  22  2:00  Nexus  
  22  2:08  Pylon  
  22  2:09  Warp Gate (Chrono Boost)  
  22  2:12  Probe  
  23  2:23  Pylon  
  23  2:27  Probe  
  26  2:30  Sentry  
  26  2:32  Stalker  
  28  2:39  Probe  
  29  2:51  Probe  
  29  2:53  Pylon  
  29  2:56  Shield Battery, Sentry  
  32  3:04  Probe  
  32  3:05  Adept  
  35  3:15  Probe (Chrono Boost)  
  35  3:16  Probe (Chrono Boost)  
  37  3:23  Robotics Facility  
  39  3:28  Probe (Chrono Boost)  
  39  3:30  Probe (Chrono Boost)  
  39  3:33  Probe (Chrono Boost)  
  39  3:37  Probe  
  39  3:39  Pylon  
  41  3:44  Probe  
  41  3:45  Pylon  
  42  3:51  Sentry x2  
  42  3:52  Probe  
  47  3:56  Probe  
  48  4:09  Immortal (Chrono Boost)  
  52  4:17  Adept x2  
  52  4:22  Gateway  
  56  4:37  Gateway  
  56  4:38  Immortal (Chrono Boost)  
  50  4:44  Shield Battery, Adept x2  
  58  4:46  Probe  
  58  4:48  Probe  
  60  4:58  Probe  
  61  5:00  Probe, Twilight Council  
  62  5:09  Assimilator x2  
  62  5:10  Probe  
  62  5:12  Probe  
  64  5:22  Zealot  
  64  5:23  Zealot x2  
  64  5:28  Immortal (Chrono Boost)  
  66  5:43  Zealot  
  66  5:48  Probe x2  
  70  5:51  Sentry, Zealot  
  74  6:00  Probe x2  
  74  6:03  Pylon  
  74  6:04  Pylon  
  76  6:18  Pylon  
  76  6:21  Pylon, Immortal  
  76  6:25  Gateway x2  
  79  6:32  Charge  
  78  6:41  Zealot x4  
  86  6:56  Probe x2  
  88  7:05  Templar Archives  
  88  7:07  Forge  
  88  7:08  Probe, Nexus  
  89  7:14  Pylon  
  89  7:18  Zealot x2  
  89  7:21  Probe x2  
  95  7:24  Pylon  
  95  7:34  Immortal (Chrono Boost)  
  95  7:37  Robotics Bay  
  99  7:39  Probe  
  100  7:47  High Templar x2  
  100  7:48  High Templar x2  
  108  7:51  Zealot x2  
  108  7:52  Archon  
  108  7:53  Archon  
  112  8:02  Probe  
  112  8:03  Probe  
  114  8:08  Warp Prism (Chrono Boost)  
  116  8:14  Probe  
  116  8:15  Probe  
  116  8:16  High Templar  
  116  8:17  High Templar  
  122  8:20  Probe  
  122  8:22  Zealot  
  122  8:23  Archon  
  122  8:25  Zealot  
  122  8:26  Probe  
  128  8:27  Probe  
  128  8:32  Probe  
  130  8:36  Colossus (Chrono Boost)  
  130  8:38  Probe  
  130  8:39  Zealot  
  139  8:50  Zealot  
  139  8:54  Pylon  
  141  8:56  Pylon  
  141  8:57  Pylon, Psionic Storm  
  141  8:59  Pylon  
  141  9:04  Extended Thermal Lance (Chrono Boost)  
  133  9:20  Zealot x4  
  123  9:33  Zealot x2  
  123  9:37  Colossus  
  133  9:45  Probe x2  
  135  9:49  Assimilator x2  
  135  9:59  High Templar  
  135  10:00  High Templar, Zealot x3  
  135  10:04  Nexus  
  143  10:11  Probe x3  
  143  10:12  Pylon  
  146  10:14  Pylon  
  146  10:21  High Templar x2  
  146  10:22  Zealot  
  146  10:23  Probe x3  
  146  10:24  Zealot  
  157  10:33  Stalker, High Templar  
  157  10:35  Probe x2  
Show
View Real Time Build Order
Export as new Build Order

strength Terran - Winner!

Build Orders:  

Get SALT Encoding   

  12  0:01  SCV  
  13  0:13  SCV  
  14  0:18  Supply Depot  
  14  0:25  SCV  
  15  0:29  Refinery  
  15  0:41  Barracks  
  15  0:46  SCV  
  16  1:00  Barracks  
  16  1:03  SCV  
  17  1:15  SCV  
  18  1:28  SCV  
  18  1:29  Barracks Reactor  
  18  1:30  Supply Depot  
  19  1:40  Orbital Command  
  19  1:47  Barracks Tech Lab  
  19  1:51  Refinery  
  19  2:06  Marine x2  
  19  2:07  Marine  
  22  2:08  SCV  
  22  2:12  Stimpack  
  23  2:21  SCV  
  24  2:28  Factory  
  24  2:32  Marine  
  24  2:33  Marine x2  
  27  2:37  SCV  
  27  2:43  Supply Depot  
  28  2:50  Marine x2  
  30  2:53  SCV  
  31  3:05  Marine, SCV  
  33  3:08  Marine x2  
  33  3:09  Supply Depot  
  35  3:17  SCV  
  35  3:19  Factory Reactor  
  36  3:24  Starport  
  36  3:29  Marine x2  
  38  3:39  Marine  
  39  3:45  SCV  
  39  3:46  Marine  
  39  3:47  Marine  
  42  3:56  Combat Shield  
  42  3:57  SCV  
  41  4:14  Command Center  
  41  4:16  Marine x3  
  30  4:34  Marine x3  
  30  4:35  Medivac x2  
  37  4:42  SCV  
  37  4:45  Factory Reactor  
  38  4:52  Marine x3  
  41  4:54  SCV  
  42  5:05  Command Center  
  42  5:07  SCV  
  42  5:10  Marine  
  43  5:20  Marine x2  
  39  5:27  Marine  
  39  5:38  Marine x2  
  40  5:45  Marine  
  41  5:56  Marine  
  42  5:59  SCV  
  42  6:03  Marine  
  43  6:07  Medivac x2  
  47  6:16  Marine, SCV  
  47  6:17  Orbital Command  
  49  6:23  Command Center  
  49  6:26  Marine  
  49  6:27  Marine  
  49  6:28  Marine  
  51  6:34  Marine  
  48  6:44  Marine  
  48  6:45  Marine  
  48  6:46  Marine, Siege Tank  
  54  6:54  SCV x2  
  56  7:01  Marine  
  56  7:02  Marine x2  
  56  7:04  Marine, Supply Depot  
  56  7:06  SCV  
  56  7:07  SCV  
  61  7:18  SCV  
  61  7:19  Engineering Bay  
  61  7:20  Engineering Bay  
  61  7:22  Supply Depot  
  62  7:35  Marine x4, Siege Tank, SCV  
  70  7:40  Barracks  
  70  7:50  Medivac  
  74  7:52  Marine x4  
  74  7:58  Terran Infantry Weapons Level 1, Terran Infantry Armor Level 1  
  78  8:00  Armory  
  78  8:05  SCV x2  
  80  8:10  Marine x4  
  84  8:14  Viking  
  84  8:17  SCV  
  85  8:27  Supply Depot  
  85  8:32  Orbital Command  
  85  8:43  Barracks Tech Lab  
  85  8:46  Ghost Academy  
  85  8:49  Marine x4, Viking, SCV x2  
  85  8:54  Refinery x2  
  93  9:16  Marine x5, SCV x2  
  93  9:24  Siege Tank  
  93  9:28  SCV x2  
  92  9:34  Marine, Liberator  
  93  9:44  Supply Depot  
  93  9:46  Supply Depot  
  93  9:51  Marine x3, SCV x3  
  93  9:52  Marine  
  92  9:59  Ghost  
  90  10:06  SCV  
  90  10:07  SCV x2  
  94  10:09  Marine x3  
  94  10:10  Marine  
  94  10:13  Barracks  
  98  10:18  SCV  
  98  10:19  SCV x2  
  101  10:26  Marine x2  
  101  10:27  Refinery x2, Marine  
  101  10:28  Marine, Ghost  
  105  10:31  SCV x2  
Show
View Real Time Build Order
Export as new Build Order

KYCHEN Zerg 

Build Orders: Hatch First, Zergling Baneling 

Get SALT Encoding   

  12  0:01  Drone  
  13  0:12  Overlord  
  13  0:17  Drone  
  14  0:30  Drone  
  14  0:31  Drone  
  14  0:35  Drone  
  17  0:53  Hatchery  
  17  0:55  Drone  
  17  1:00  Drone  
  18  1:10  Extractor  
  17  1:14  Spawning Pool  
  17  1:17  Drone  
  17  1:20  Drone  
  18  1:28  Drone  
  19  1:40  Drone  
  20  1:50  Overlord  
  20  2:03  Queen  
  20  2:04  Queen  
  20  2:06  Zergling x4  
  26  2:11  Zergling x2  
  26  2:14  Metabolic Boost  
  27  2:19  Zergling x2  
  28  2:23  Zergling x2  
  28  2:27  Zergling x2  
  30  2:32  Zergling x2  
  30  2:36  Baneling Nest  
  30  2:38  Zergling x2  
  30  2:43  Zergling x2  
  32  2:51  Zergling x2  
  32  2:54  Overlord  
  33  3:02  Zergling x2  
  34  3:06  Zergling x2  
  34  3:09  Overlord  
  35  3:15  Zergling x2  
  35  3:16  Zergling x6  
  35  3:17  Zergling x2  
  40  3:23  Zergling x4  
  42  3:31  Zergling x2  
  44  3:34  Zergling x2  
  44  3:40  Zergling x2  
  45  3:50  Baneling x8  
  45  3:51  Zergling x2  
  45  3:53  Zergling x2  
  46  4:09  Zergling x2  
  47  4:10  Zergling x6  
  47  4:11  Baneling  
  47  4:12  Baneling  
  47  4:13  Zergling x2  
  47  4:16  Baneling  
  46  4:17  Zergling x2  
  41  4:33  Zergling x4  
  41  4:35  Zergling x4  
  41  4:36  Zergling x2  
  41  4:37  Zergling x2  
  35  4:43  Baneling x3  
  35  4:50  Zergling x4  
  37  4:54  Zergling x2  
  37  4:58  Zergling x2  
  37  4:59  Zergling x2  
  40  5:01  Baneling  
  40  5:05  Zergling x2  
  38  5:16  Zergling x2  
  38  5:17  Zergling x6  
  38  5:20  Zergling x2  
  38  5:25  Zergling x2  
  38  5:26  Zergling x2  
  36  5:34  Zergling x4  
  37  5:38  Zergling x2  
  37  5:42  Zergling x2  
  36  5:49  Drone x2  
  37  5:55  Drone x2  
  39  6:01  Drone  
  39  6:02  Drone  
  41  6:04  Drone  
  41  6:11  Drone x2  
  44  6:18  Drone x2  
  45  6:19  Drone  
  45  6:22  Drone  
  48  6:30  Lair  
  48  6:31  Drone  
  48  6:40  Drone x3  
  48  6:46  Overlord  
  51  6:50  Extractor  
  51  6:51  Drone, Evolution Chamber  
  51  6:52  Evolution Chamber  
  49  6:55  Drone  
  50  7:14  Drone  
  50  7:15  Drone x8  
  59  7:17  Zerg Ground Armor Level 1  
  59  7:18  Zerg Melee Weapons Level 1  
  59  7:29  Hatchery  
  58  7:41  Extractor  
  58  7:43  Extractor  
  53  7:44  Zergling x8  
  53  7:45  Zergling x4  
  53  7:47  Zergling x6  
  53  7:50  Overlord  
  54  7:58  Overlord  
  54  8:03  Spore Crawler  
  54  8:05  Spore Crawler, Baneling x8  
  52  8:19  Drone  
  53  8:24  Centrifical Hooks  
  53  8:27  Queen  
  53  8:28  Drone  
  53  8:29  Drone x6  
  53  8:32  Zergling x4  
  64  8:40  Zergling x6  
  67  8:49  Zergling x4  
  67  8:52  Zergling x4  
  71  9:00  Zergling x2  
  72  9:05  Baneling x13  
  72  9:06  Zergling x2  
  51  10:31  Overseer  
Show
View Real Time Build Order
Export as new Build Order

MetalWolf Zerg 

Build Orders: Hatch First 

Get SALT Encoding   

  12  0:01  Drone  
  13  0:08  Drone  
  14  0:16  Overlord  
  14  0:35  Drone x3  
  17  0:47  Drone  
  18  1:01  Hatchery  
  17  1:05  Extractor  
  16  1:14  Spawning Pool  
  16  1:15  Drone  
  16  1:18  Drone  
  17  1:29  Drone  
  17  1:32  Drone  
  19  1:40  Drone  
  20  1:52  Overlord  
  20  2:02  Queen  
  22  2:11  Zergling x2  
  22  2:13  Queen, Drone  
  26  2:20  Drone  
  27  2:28  Drone x2  
  29  2:36  Drone x2  
  31  2:50  Hatchery  
  30  2:56  Drone x2  
  30  2:57  Drone x2  
  34  2:59  Metabolic Boost  
  34  3:08  Roach Warren  
  33  3:21  Overlord x3  
  33  3:22  Overlord  
  33  3:37  Overlord x2  
  33  3:43  Extractor  
  33  3:44  Extractor  
  31  3:52  Roach  
  31  3:53  Roach x5  
  43  4:11  Roach x4  
  43  4:15  Roach x2  
  55  4:24  Zergling x8  
  56  4:25  Zergling x2  
  56  4:29  Zergling x2  
  61  4:36  Roach  
  61  4:37  Zergling x2  
  64  4:39  Zergling x2  
  64  4:41  Zergling x2  
  66  4:47  Zergling x2  
  66  4:50  Ravager  
  66  4:51  Ravager x2  
  70  4:55  Zergling x4  
  70  4:59  Ravager  
  73  5:02  Zergling x4  
  65  5:28  Zergling x2  
  66  5:40  Roach  
  66  5:41  Roach x7  
  65  5:51  Zergling x2  
  64  5:58  Zergling x2  
  64  5:59  Zergling x10  
  70  6:09  Ravager  
  71  6:14  Zergling x2  
  71  6:15  Zergling x8  
  59  6:48  Drone  
  59  6:49  Drone x9  
  67  7:04  Drone  
  67  7:05  Drone, Lair  
  69  7:12  Drone  
  69  7:13  Drone x3  
  73  7:24  Drone x6  
  79  7:36  Baneling Nest  
  78  7:37  Drone x3  
  81  7:46  Overlord  
  81  7:47  Overlord x2  
  81  7:52  Evolution Chamber  
  81  7:53  Evolution Chamber  
  81  7:57  Hatchery  
  78  7:59  Ravager x3  
  81  8:12  Queen  
  81  8:13  Drone  
  81  8:14  Drone  
  81  8:16  Extractor  
  81  8:18  Extractor  
  81  8:19  Centrifical Hooks  
  83  8:22  Baneling x9  
  83  8:26  Zergling x2  
  85  8:27  Zergling x18  
  85  8:30  Zerg Melee Weapons Level 1  
  93  8:41  Glial Reconstitution, Zerg Ground Armor Level 1  
  93  8:43  Zergling x2  
  93  8:44  Zergling x8  
  93  8:45  Zergling x2  
  99  8:51  Spore Crawler  
  99  8:53  Drone x2  
  100  8:57  Overseer  
  100  8:58  Overseer  
  100  9:06  Zergling x2  
  100  9:07  Zergling x10  
  91  9:20  Roach  
  84  9:34  Baneling x4  
  84  9:35  Baneling x16  
  84  9:36  Zergling x10  
  89  9:50  Hydralisk Den  
  78  10:00  Baneling x10  
  78  10:01  Roach  
  78  10:02  Roach x11  
  78  10:06  Overlord  
  78  10:07  Overlord x2  
  102  10:26  Hydralisk x2, Roach  
  102  10:27  Hydralisk x5  
  118  10:34  Overlord x4  
  118  10:43  Roach  
Tags
 
Add a new tag
Caveats
  • Supply blocks, unpowered buildings, or Contaminate may cause inaccurate times.
  • Supply counts are checked every 10 seconds.